 Dungeon Crawl Stone Soup version 0.28.0-47-ge53b351184 (webtiles) character file.

Game seed: 10548975804994945024

51 acdeimund the Poker (level 3, 0/28 HPs)
             Began as a Merfolk Gladiator on May 2, 2022.
             Was a Follower of the Shining One.
             Slain by Robin
             ... wielding a +4 dagger of venom
              (6 damage)
             ... on level 2 of the Dungeon.
             The game lasted 00:02:59 (1233 turns).

acdeimund the Poker (Merfolk Gladiator)             Turns: 1233, Time: 00:03:00

Health: 0/28       AC:  4    Str: 16    XL:     3   Next: 83%
Magic:  3/3        EV: 13    Int:  7    God:    the Shining One [*.....]
Gold:   104        SH:  0    Dex: 15    Spells: 2/2 levels left

rFire   . . .      SeeInvis .   a - +0 trident
rCold   . . .      Faith    .   (no shield)
rNeg    . . .      Spirit   .   b - +0 leather armour
rPois   .          Reflect  .   c - +0 helmet
rElec   .          Harm     .   (no cloak)
rCorr   .          Rampage  .   (no gloves)
Will    .....                   (no boots)
Stlth   +.........              (no amulet)
HPRegen 0.09/turn               (no ring)
MPRegen 0.08/turn               (no ring)

@: lethally poisoned (0 -> -14), glowing
A: (nimble swimmer 2), mertail
a: Renounce Religion, Divine Shield


You were on level 2 of the Dungeon.
You worshipped the Shining One.
The Shining One was aware of your devotion.
You visited 1 branch of the dungeon, and saw 2 of its levels.

You collected 104 gold pieces.

Inventory:

Hand Weapons
 a - a +0 trident (weapon)
Missiles
 d - 3 throwing nets (quivered)
 e - 51 stones
Armour
 b - a +0 leather armour (worn)
 c - a +0 helmet (worn)
Scrolls
 h - a scroll of noise {unknown}
 i - 2 scrolls of identify {unknown}
Potions
 f - a potion of attraction {unknown}
 g - a potion of haste {unknown}


   Skills:
 * Level 2.9 Fighting
 * Level 5.2 Polearms
 + Level 2.4 Throwing
 + Level 0.1 Armour
 * Level 4.5 Dodging
 + Level 0.2 Invocations


You had 2 spell levels left.
You didn't know any spells.
Your spell library was empty.

Dungeon Overview and Level Annotations

Branches:
Dungeon (2/15)

Altars:
The Shining One

Annotations:
D:2 Robin


Innate Abilities, Weirdness & Mutations

((You are very nimble when in or above water. (Stealth+, EV+, Speed+++)))
Your lower body shifts to a powerful aquatic tail in water.


Message History

Robin throws the goblin at you!
The goblin shoots a stone.
The stone misses you.
The goblin shoots a stone.
The stone hits you but does no damage.
You hit the goblin.
The goblin is severely wounded.
The goblin unwields a +0 hunting sling.
The goblin wields a +0 club.
The goblin hits you with a +0 club.
You closely miss the goblin.
The goblin is severely wounded.
The goblin barely misses you.
You closely miss the goblin.
The goblin is severely wounded.
The goblin barely misses you.
You puncture the goblin!
You kill the goblin!
Robin roars a battlecry!
You hear a shout! x3
A goblin comes into view. It is wielding a +0 club.
You hear a shout!
Robin hits you but does no damage.
You are poisoned.
Things that are here:
a +0 club; a +0 hunting sling; 25 stones You hit Robin.
Robin is lightly wounded.
You feel sick.
Robin hits you with a +4 dagger of venom.
You are lethally poisoned!
A goblin comes into view. It is wielding a +0 club.
You hit Robin.
Robin is moderately wounded.
You feel very sick. Robin misses you.
You hit Robin.
Robin is heavily wounded.
* * * LOW HITPOINT WARNING * * *
You feel very sick.
A goblin comes into view. It is wielding a +0 dagger.
Robin hits you with a +4 dagger of venom.
You die...

######.#.......#
#g######### #.# #g# #g#
##.####### #.g......#
##########g.#.###.########
#........@g..#...........#
#.###.###.....##.......#.#
#.# #.# #..<.###..####.#.#
###.###.#
#...####..####.#.#
#.......#
#.........##.....
#.#.##### #.#.####.###.#.#
#.#.# #.#+## #.......#
#.#.#######....#######.###
#.#.............# #.##


You could see Robin, a hobgoblin (strong) and 3 goblins.

Vanquished Creatures
  An adder (D:2)
  A worm (D:2)
  A dart slug (D:2)
  3 ball pythons
  3 endoplasms
  2 giant cockroaches (D:2)
  4 goblins
  A hobgoblin (D:1)
  4 jackals (D:1)
  A kobold (D:1)
  2 quokkas
  3 bats (D:1)
  2 frilled lizards
  6 rats
34 creatures vanquished.

Vanquished Creatures (others)
  3 withered plants (D:1)
3 creatures vanquished.

Grand Total: 37 creatures vanquished

Notes
Turn   | Place    | Note
-------+----------+-------------------------------------------
     0 | D:1      | acdeimund the Merfolk Gladiator began the quest for the
                  | Orb.
     0 | D:1      | Reached XP level 1. HP: 16/16 MP: 1/1
    66 | D:1      | Reached XP level 2. HP: 23/23 MP: 2/2
   427 | D:1      | Found a faded altar of an unknown god.
   432 | D:1      | Prayed at the altar of an unknown god.
   432 | D:1      | Became a worshipper of the Shining One
   432 | D:1      | Reached * piety under the Shining One
   436 | D:1      | Reached XP level 3. HP: 27/28 MP: 3/3
   808 | D:2      | Reached skill level 5 in Polearms
  1206 | D:2      | Noticed Robin
  1233 | D:2      | Slain by Robin

Illustrated notes

Levels and vault maps discovered:
D:1:      tarquinn_simple_flora_water_f, layout_rooms,
          ebering_ecumenical_altar_petrified, minmay_heptomino_l4
D:2:      layout_loops_corners, uniq_robin

Skill      XL: |  1  2  3 |
---------------+----------+-----
Polearms       | 5 |  5.2
Fighting       | |  2.9
Throwing       | |  2.4
Armour         | |  0.1
Dodging        | |  4.5
Invocations    | |  0.2

Action                   || total
-------------------------++-------
Melee: Trident           ||   104
 Stab: Sleeping          ||     1
Armor: Leather armour    ||    26
Dodge: Dodged            ||    74
